SA
PHOENIX HOTSPUR U-21 @ CONNETQUOT CHIEFS
08/16/2020
 
TOP OF THE 1ST
Phoenix Hotspur U-21 batting - Pitching for Connetquot Chiefs : RHP Hänsel Freeh
Pitching: RHP Hänsel Freeh
Batting: RHB David Rivas 0-0: Ball
1-0: Ball
2-0: Ball
3-0: Called Strike
3-1: Foul Ball, location: 2F
3-2: SINGLE (Groundball, 4MD)
Batting: LHB Arthur Ryan 0-0: Called Strike
0-1: Swinging Strike
0-2: Foul Ball, location: 2F
0-2: Foul Ball, location: 2F
0-2: Ball
1-2: Ball
2-2: Ground out U3 (Groundball, 3S)
David Rivas to second
Batting: RHB Juan Aguirre 0-0: Called Strike
0-1: Swinging Strike
0-2: Fly out, F8 (Line Drive, 8RM)
Batting: RHB Pedro Torrez 0-0: Ground out 6-3 (Groundball, 6S)
Top of the 1st over - 0 run(s), 1 hit(s), 0 error(s), 1 left on base; Phoenix 0 - Connetquot 0
BOTTOM OF THE 1ST
Connetquot Chiefs batting - Pitching for Phoenix Hotspur U-21 : RHP Jim Unknown
Pitching: RHP Jim Unknown
Batting: RHB Juan Salinas 0-0: Called Strike
0-1: Ball
1-1: Foul Ball, location: 2F
1-2: Ball
2-2: Fly out, F9 (Flyball, 9M)
Batting: SHB Antonio Vaccarini 0-0: Foul Ball, location: 2F
0-1: Ball
1-1: Ground out 6-3 (Groundball, 6)
Batting: RHB Francisco García 0-0: Swinging Strike
0-1: Swinging Strike
0-2: Ball
1-2: Strikes out swinging
Bottom of the 1st over - 0 run(s), 0 hit(s), 0 error(s), 0 left on base; Phoenix 0 - Connetquot 0
TOP OF THE 2ND
Phoenix Hotspur U-21 batting - Pitching for Connetquot Chiefs : RHP Hänsel Freeh
Batting: SHB Edgar Cantú 0-0: Foul Ball, location: 2F
0-1: SINGLE (Groundball, 25) (infield hit)
Batting: RHB Larry Bryant 0-0: SINGLE (Groundball, 6S)
Edgar Cantú to second
Batting: RHB Francis Kelly 0-0: Called Strike
0-1: Ball
1-1: Swinging Strike
1-2: Foul Ball, location: 2F
1-2: Fly out, F9 (Flyball, 9M)
Batting: RHB José Sánchez 0-0: Ball
1-0: Called Strike
1-1: Fly out, F3 (Popup, 3SF)
Batting: RHB Don McCord 0-0: SINGLE (Groundball, 4MD) (infield hit)
Edgar Cantú to third
Larry Bryant to second
Batting: RHB David Rivas 0-0: Foul Ball, location: 2F
Single, Error in OF, E9, batter to second base
Edgar Cantú scores
Larry Bryant scores
Don McCord to third
Batting: LHB Arthur Ryan 0-0: Ball
1-0: Foul Ball, location: 2F
1-1: Swinging Strike
1-2: Foul Ball, location: 2F
1-2: Ball
2-2: Fly out, F7 (Flyball, 7LM)
Top of the 2nd over - 2 run(s), 4 hit(s), 1 error(s), 2 left on base; Phoenix 2 - Connetquot 0
BOTTOM OF THE 2ND
Connetquot Chiefs batting - Pitching for Phoenix Hotspur U-21 : RHP Jim Unknown
Batting: RHB José Magana 0-0: Called Strike
0-1: Foul Ball, location: 2F
0-2: Ball
1-2: Strikes out swinging
Batting: LHB Keith Alexander 0-0: Called Strike
0-1: Ground out 6-3 (Groundball, 6S)
Batting: RHB Miguel Rodríguez 0-0: Called Strike
0-1: Ball
1-1: Foul Ball, location: 2F
1-2: Strikes out swinging
Bottom of the 2nd over - 0 run(s), 0 hit(s), 0 error(s), 0 left on base; Phoenix 2 - Connetquot 0
TOP OF THE 3RD
Phoenix Hotspur U-21 batting - Pitching for Connetquot Chiefs : RHP Hänsel Freeh
Batting: RHB Juan Aguirre 0-0: Called Strike
0-1: Called Strike
0-2: Ball
1-2: Foul Ball, location: 2F
1-2: Ball
2-2: Foul Ball, location: 2F
2-2: Ball
3-2: Fly out, F8 (Flyball, 78M)
Batting: RHB Pedro Torrez 0-0: Ball
1-0: Ball
2-0: Ball
3-0: Base on Balls
Batting: SHB Edgar Cantú 0-0: Called Strike
0-1: Foul Ball, location: 2F
0-2: Ball
1-2: Foul Ball, location: 2F
1-2: Ball
2-2: Ball
3-2: DOUBLE (Flyball, 78M)
Pedro Torrez to third
Batting: RHB Larry Bryant 0-0: Called Strike
0-1: Ground out 5-3 (Groundball, 56S)
Pedro Torrez scores
Edgar Cantú to third
Batting: RHB Francis Kelly 0-0: Foul Ball, location: 2F
0-1: Ball
1-1: Ball
2-1: Ball
3-1: Base on Balls
Batting: RHB José Sánchez 0-0: Ball
1-0: Ball
2-0: Swinging Strike
2-1: Foul Ball, location: 2F
2-2: Ball
3-2: Fly out, F8 (Flyball, 8LM)
Top of the 3rd over - 1 run(s), 1 hit(s), 0 error(s), 2 left on base; Phoenix 3 - Connetquot 0
BOTTOM OF THE 3RD
Connetquot Chiefs batting - Pitching for Phoenix Hotspur U-21 : RHP Jim Unknown
Batting: SHB Jesús Rodríguez 0-0: Fly out, F1 (Popup, 25)
Batting: RHB Bernaldyn Berbedo 0-0: Fly out, F8 (Flyball, 8LM)
Batting: RHB Lúcio Marín 0-0: Called Strike
0-1: Ground out 6-3 (Groundball, 6)
Bottom of the 3rd over - 0 run(s), 0 hit(s), 0 error(s), 0 left on base; Phoenix 3 - Connetquot 0
TOP OF THE 4TH
Phoenix Hotspur U-21 batting - Pitching for Connetquot Chiefs : RHP Hänsel Freeh
Batting: RHB Don McCord 0-0: Swinging Strike
0-1: Called Strike
0-2: Ball
1-2: Ball
2-2: Strikes out swinging
Batting: RHB David Rivas 0-0: Called Strike
0-1: Swinging Strike
0-2: Strikes out looking
Batting: LHB Arthur Ryan 0-0: Called Strike
0-1: Ball
1-1: Ball
2-1: Foul Ball, location: 2F
2-2: Strikes out swinging
Top of the 4th over - 0 run(s), 0 hit(s), 0 error(s), 0 left on base; Phoenix 3 - Connetquot 0
BOTTOM OF THE 4TH
Connetquot Chiefs batting - Pitching for Phoenix Hotspur U-21 : RHP Jim Unknown
Batting: RHB Juan Salinas 0-0: Ball
1-0: Fly out, F9 (Flyball, 89D)
Batting: SHB Antonio Vaccarini 0-0: SOLO HOME RUN (Flyball, 8LXD), Distance : 452 ft
Batting: RHB Francisco García 0-0: Called Strike
0-1: Ball
1-1: Swinging Strike
1-2: Ball
2-2: Ground out 5-3 (Groundball, 5L)
Batting: RHB José Magana 0-0: Ball
1-0: Ball
2-0: Ball
3-0: Called Strike
3-1: Foul Ball, location: 2F
3-2: Strikes out looking
Bottom of the 4th over - 1 run(s), 1 hit(s), 0 error(s), 0 left on base; Phoenix 3 - Connetquot 1
TOP OF THE 5TH
Phoenix Hotspur U-21 batting - Pitching for Connetquot Chiefs : RHP Hänsel Freeh
Batting: RHB Juan Aguirre 0-0: Ball
1-0: Called Strike
1-1: Foul Ball, location: 2F
1-2: Reached on error, E5 (Groundball, 56S)
Batting: RHB Pedro Torrez 0-0: Ball
1-0: Foul Ball, location: 2F
1-1: Foul Ball, location: 2F
1-2: Foul Ball, location: 2F
1-2: Strikes out swinging
Batting: SHB Edgar Cantú 0-0: Fly out, F6 (Line Drive, 6)
Batting: RHB Larry Bryant 0-0: Called Strike
0-1: Ground out 4-3 (Groundball, 13)
Top of the 5th over - 0 run(s), 0 hit(s), 1 error(s), 1 left on base; Phoenix 3 - Connetquot 1
BOTTOM OF THE 5TH
Connetquot Chiefs batting - Pitching for Phoenix Hotspur U-21 : RHP Jim Unknown
Batting: LHB Keith Alexander 0-0: Foul Ball, location: 2F
0-1: SINGLE (Line Drive, 9LS)
Batting: RHB Miguel Rodríguez 0-0: Called Strike
0-1: Bunted foul
0-2: Fly out, F7 (Flyball, 7D)
Batting: SHB Jesús Rodríguez 0-0: Ball
1-0: Called Strike
1-1: Called Strike
1-2: Ball
2-2: Foul Ball, location: 2F
2-2: Ball
3-2: Foul Ball, location: 2F
3-2: Strikes out swinging
Batting: RHB Bernaldyn Berbedo 0-0: Ball
1-0: Called Strike
1-1: Called Strike
1-2: Foul Ball, location: 2F
1-2: Ball
Keith Alexander steals 2nd base
2-2: Ground out 6-3 (Groundball, 6)
Bottom of the 5th over - 0 run(s), 1 hit(s), 0 error(s), 1 left on base; Phoenix 3 - Connetquot 1
TOP OF THE 6TH
Phoenix Hotspur U-21 batting - Pitching for Connetquot Chiefs : RHP Hänsel Freeh
Batting: RHB Francis Kelly 0-0: Ball
1-0: Fly out, F4 (Line Drive, 4)
Batting: RHB José Sánchez 0-0: Called Strike
0-1: Fly out, F6 (Line Drive, 6)
Batting: RHB Don McCord 0-0: Called Strike
0-1: SINGLE (Line Drive, 8LS)
Batting: RHB David Rivas 0-0: Foul Ball, location: 2F
0-1: Reached on error, E5 (Groundball, 5S)
Don McCord to third
Batting: LHB Arthur Ryan 0-0: Swinging Strike
0-1: Ball
1-1: Hit by Pitch
Batting: RHB Juan Aguirre 0-0: Ball
1-0: Ball
2-0: TRIPLE (Line Drive, 3L)
Don McCord scores
David Rivas scores
Arthur Ryan scores
Batting: RHB Pedro Torrez 0-0: Intentional Walk
Pitching: LHP Earl Brown
Batting: SHB Edgar Cantú 0-0: Called Strike
0-1: Fly out, F3 (Popup, 3F)
Top of the 6th over - 3 run(s), 2 hit(s), 1 error(s), 2 left on base; Phoenix 6 - Connetquot 1
BOTTOM OF THE 6TH
Connetquot Chiefs batting - Pitching for Phoenix Hotspur U-21 : RHP Jim Unknown
Batting: RHB Lúcio Marín 0-0: Ball
1-0: Ball
2-0: Called Strike
2-1: Ground out 5-3 (Groundball, 56)
Batting: RHB Juan Salinas 0-0: Ball
1-0: Called Strike
1-1: Foul Ball, location: 2F
1-2: Strikes out looking
Batting: SHB Antonio Vaccarini 0-0: Ball
1-0: Called Strike
1-1: Ball
2-1: Called Strike
2-2: Strikes out swinging
Bottom of the 6th over - 0 run(s), 0 hit(s), 0 error(s), 0 left on base; Phoenix 6 - Connetquot 1
TOP OF THE 7TH
Phoenix Hotspur U-21 batting - Pitching for Connetquot Chiefs : LHP Earl Brown
Batting: RHB Larry Bryant 0-0: Ball
1-0: Called Strike
1-1: Foul Ball, location: 2F
1-2: Ball
2-2: Strikes out swinging
Batting: RHB Francis Kelly 0-0: Swinging Strike
0-1: Ball
1-1: Foul Ball, location: 2F
1-2: Ball
2-2: Strikes out looking
Batting: RHB José Sánchez 0-0: Called Strike
0-1: Ball
1-1: Ball
2-1: Ball
3-1: Swinging Strike
3-2: Strikes out looking
Top of the 7th over - 0 run(s), 0 hit(s), 0 error(s), 0 left on base; Phoenix 6 - Connetquot 1
BOTTOM OF THE 7TH
Connetquot Chiefs batting - Pitching for Phoenix Hotspur U-21 : RHP Jim Unknown
Batting: RHB Francisco García 0-0: Called Strike
0-1: Ball
1-1: Swinging Strike
1-2: Ball
2-2: Ball
3-2: Base on Balls
Batting: RHB José Magana 0-0: Swinging Strike
0-1: Foul Ball, location: 2F
0-2: Ground out 5-3 (Groundball, 15S)
Francisco García to second
Batting: LHB Keith Alexander 0-0: SINGLE (Line Drive, 8LS)
Francisco García to third
Runner from 3rd tries for Home, SAFE, no throw or cutoff
Batting: RHB Miguel Rodríguez 0-0: Grounds into double play, 5-4-3 (Groundball, 5)
Bottom of the 7th over - 1 run(s), 1 hit(s), 0 error(s), 0 left on base; Phoenix 6 - Connetquot 2
TOP OF THE 8TH
Phoenix Hotspur U-21 batting - Pitching for Connetquot Chiefs : LHP Earl Brown
Batting: RHB Don McCord 0-0: Fly out, F7 (Flyball, 78S)
Batting: RHB David Rivas 0-0: Fly out, F7 (Line Drive, 7M)
Batting: LHB Arthur Ryan 0-0: Fly out, F8 (Line Drive, 8LM)
Top of the 8th over - 0 run(s), 0 hit(s), 0 error(s), 0 left on base; Phoenix 6 - Connetquot 2
BOTTOM OF THE 8TH
Connetquot Chiefs batting - Pitching for Phoenix Hotspur U-21 : RHP Jim Unknown
Batting: SHB Jesús Rodríguez 0-0: Fly out, F2 (Popup, 5SF)
Batting: RHB Bernaldyn Berbedo 0-0: Ball
1-0: Foul Ball, location: 2F
1-1: Called Strike
1-2: Fly out, F8 (Flyball, 8LM)
Batting: RHB Lúcio Marín 0-0: Ball
1-0: Fly out, F4 (Line Drive, 4D)
Bottom of the 8th over - 0 run(s), 0 hit(s), 0 error(s), 0 left on base; Phoenix 6 - Connetquot 2
TOP OF THE 9TH
Phoenix Hotspur U-21 batting - Pitching for Connetquot Chiefs : LHP Earl Brown
Batting: RHB Juan Aguirre 0-0: Ground out 6-3 (Groundball, 6)
Batting: RHB Pedro Torrez 0-0: DOUBLE (Flyball, 89XD)
Batting: SHB Edgar Cantú 0-0: Intentional Walk
Batting: RHB Larry Bryant 0-0: Called Strike
Pedro Torrez steals 3rd base
Edgar Cantú to second
0-1: Ball
1-1: Foul Ball, location: 2F
1-2: Foul Ball, location: 2F
1-2: Ball
2-2: Strikes out swinging
Batting: RHB Francis Kelly 0-0: Called Strike
0-1: Called Strike
0-2: Ball
1-2: Strikes out swinging
Top of the 9th over - 0 run(s), 1 hit(s), 0 error(s), 2 left on base; Phoenix 6 - Connetquot 2
BOTTOM OF THE 9TH
Connetquot Chiefs batting - Pitching for Phoenix Hotspur U-21 : RHP Jim Unknown
Batting: RHB Juan Salinas 0-0: Fly out, F7 (Flyball, 8LM)
Batting: SHB Antonio Vaccarini 0-0: Ball
1-0: Called Strike
1-1: DOUBLE (Line Drive, 7LS)
Pitching: RHP Jim Unknown
Batting: RHB Francisco García 0-0: Called Strike
0-1: Foul Ball, location: 2F
0-2: Ball
1-2: Ball
2-2: Foul Ball, location: 2F
2-2: SINGLE (Line Drive, 34)
Antonio Vaccarini to third
Runner from 3rd tries for Home, SAFE, throw made home
Francisco García to second
Pitching: RHP Leonardo Salas
Batting: RHB José Magana 0-0: Foul Ball, location: 2F
0-1: Foul Ball, location: 2F
0-2: Ball
1-2: Foul Ball, location: 2F
1-2: Strikes out swinging
Batting: LHB Keith Alexander 0-0: Called Strike
0-1: Fly out, F9 (Line Drive, 9M)
Bottom of the 9th over - 1 run(s), 2 hit(s), 0 error(s), 1 left on base; Phoenix 6 - Connetquot 3
This league is powered by Out of the Park Baseball, the baseball management simulation game for PC, Mac and Linux
Friday, October 23rd, 2015 - OOTP Baseball 16.9 Build 39